cohdb
Replays
Latest Replays
All Replays
Popular Replays
Top Player Replays
Match Explorer
How It Works
Community
CoH3 Stats
Reddit
Sign in to upload your games and track your stats! →
Sign in with Steam
Match 40318399
Unlisted
Match 40318399
Overview
Messages
Build Orders
End
Construct Barracks
Riflemen Squad
Riflemen Squad
Construct Weapon Support Center
Bazooka Squad
Selects Advanced Infantry Battlegroup
Selects Convert to Ranger Squad
Riflemen Squad
Infantry Support Center
Convert to Ranger Squad
M3 Armored Personnel Carrier
Bazooka Squad
Selects Frontline Medical Station
Frontline Medical Station
Engineer Squad
Selects Ranger Weapon Training
Advanced Logistics
Convert to Ranger Squad
Improved M9 Bazooka Rockets
Construct Tank Depot
Selects Ammunition Storage
Selects M2A1 105mm Howitzer Emplacement
TidaL
HURON
James_McLeod
Molestos
Cuthred PHX
萌新
0
0
Comments
sign in to comment!
No comments posted yet!